 Dungeon Sprint DCSS version 0.30-a0-948-g4fa250aae5 (webtiles) character file.

Game seed: 575250260292090274

107 rocky1 the Magician (level 4, -17/27 HPs)
             Began as a Deep Elf Earth Elementalist on Mar 27, 2023.
             Demolished by a water elemental (19 damage)
             ... in the Dungeon (Sprint III: "The Ten Rune Challenge").
             The game lasted 00:01:45 (317 turns).

rocky1 the Magician (Deep Elf Earth Elementalist)    Turns: 317, Time: 00:01:46

Health: -17/27     AC:  2    Str:  5    XL:     4   Next: 56%
Magic:  12/15      EV: 14    Int: 22    God:
Gold:   12         SH:  0    Dex: 15    Spells: 10/18 levels left

rFire   . . .      SeeInvis .    (no weapon)
rCold   . . .      Faith    .    (no shield)
rNeg    . . .      Spirit   .    a - +0 robe
rPois   .          Reflect  .    (no helmet)
rElec   .          Rampage  .    (no cloak)
rCorr   .          NoTele   +    (no gloves)
Will    .....                    (no boots)
Stlth   ++                       (no amulet)
HPRegen 0.24/turn                (no ring)
MPRegen 0.14/turn                (no ring)

@: engulfed (cannot breathe)
A: no striking features
a: no special abilities


You were in the Dungeon.
You visited 1 branch You collected 12 gold pieces.

Inventory:

Armour
 a - a +0 robe (worn)
Scrolls
 g - a scroll of blinking
 h - a scroll of acquirement {unknown}
 i - a scroll of immolation {unknown}
 j - 2 scrolls of identify {unknown}
 l - a scroll of torment {unknown}
Potions
 b - 3 potions of magic
 c - a potion of curing
 d - a potion of heal wounds
 e - a potion of haste
 f - a potion of berserk rage
 k - 4 potions of flight
 m - 6 potions of mutation


   Skills:
 + Level 2.8 Fighting
 + Level 4.9 Dodging
 - Level 2.4 Stealth
 * Level 7.5 Spellcasting
 - Level 1.1 Transmutations
 * Level 6.6 Earth Magic


You had 10 spell levels left.
You knew the following spells:

 Your Spells              Type           Power      Damage    Failure   Level
a - Sandblast             Erth           74%        2d16      1%          1
b - Stone Arrow           Conj/Erth      44%        3d9       6%          3
c - Leda's Liquefaction   Hex/Erth       11%        N/A       21%         4

Your spell library contained the following spells:

 Spells                   Type           Power      Damage    Failure   Level
 Passwall                 Tmut/Erth      20%        N/A       2%          2
 Petrify                  Tmut/Erth      25%        N/A       16%         4
 Call Canine Familiar     Summ           8%         N/A       24%         3
 Portal Projectile        Hex/Tloc       16%        N/A       24%         3


Dungeon Overview and Level Annotations

Branches:
Dungeon (1/1)

Altars:


Message History

You start resting.
Magic restored.
You see here a human corpse.
Okay, then.
You open the door.
A water elemental comes into view.
Aiming: Sandblast (safe; 1% risk of failure)
Press: ? - help, Q - select action Shift-Dir - straight line, f - water elemental
Aim: a water elemental (90% to hit)
The blast of sand hits the water elemental!
The water elemental is moderately damaged.
The water elemental closely misses you.
Aiming: Sandblast (safe; 1% risk of failure)
Press: ? - help, Q - select action Shift-Dir - straight line, f/p - water elemental
Aim: a water elemental (moderately damaged, 90% to hit)
The blast of sand hits the water elemental but does no damage.
The water elemental is moderately damaged.
The water elemental closely misses you.
Aiming: Sandblast (safe; 1% risk of failure)
Press: ? - help, Q - select action Shift-Dir - straight line, f/p - water elemental
Aim: a water elemental (moderately damaged, 90% to hit)
The blast of sand hits the water elemental!
The water elemental is almost destroyed.
The water elemental closely misses you. x2
Aiming: Sandblast (safe; 1% risk of failure)
Press: ? - help, Q - select action Shift-Dir - straight line, f/p - water elemental
Aim: a water elemental (almost destroyed, 90% to hit)
The blast of sand misses the water elemental.
The water elemental hits you!!
Ouch! That really hurt!
* * * LOW HITPOINT WARNING * * *
The water elemental engulfs you in water!
You cannot cast spells while unable to breathe!
You cannot cast spells while unable to breathe!
Unknown command.
* * * LOW HITPOINT WARNING * * *
Your lungs strain for air!
The water elemental hits you!!
Ouch! That really hurt!
You die...

▓▓▓▓▓▓▓▓▓▓▓ ▓▓▓
<.#..'....♣♣♣ ♣.#
..#..#....♣.♣ ♣.#
#'####.....♣♣ ♣.#
.....#....~.♣♣♣♣.###+#+#
....†#...~~.♣♣.♣.#......
.....#..~~~~♣.♣..E.⌠....
####'#..~≈≈~~~♣♣@#...###
.....#.~~≈~~~....# ⌠.#
.†.).#.~≈~~~.....# .#
.....#.~~~.......# #
'#####....†......#
.................#
▓▓▓▓▓▓▓▓▓▓▓▓▓▓▓▓▓▓


You could see a water elemental.

Vanquished Creatures
  A scorpion (D)
  Jessica (D)
  A human (D)
  3 rats (D)
6 creatures vanquished.

Notes
Turn   | Place    | Note
-------+----------+-------------------------------------------
     0 | D        | rocky1 the Deep Elf Earth Elementalist began the quest for
                  | the Orb.
     0 | D        | Reached XP level 1. HP: 10/10 MP: 6/6
    29 | D        | Noticed Jessica
    30 | D        | Killed Jessica
    31 | D        | Reached skill level 1 in Fighting
    31 | D        | Reached skill level 5 in Spellcasting
    31 | D        | Reached XP level 2. HP: 17/17 MP: 6/10
    84 | D        | Noticed a scorpion
    90 | D        | Killed a scorpion
    91 | D        | Reached skill level 7 in Spellcasting
    91 | D        | Reached XP level 3. HP: 19/22 MP: 7/13
    91 | D        | Reached XP level 4. HP: 23/27 MP: 8/15
   272 | D        | Learned a level 3 spell: Stone Arrow
   277 | D        | Learned a level 4 spell: Leda's Liquefaction
   312 | D        | Noticed a water elemental
   317 | D        | Demolished by a water elemental

Illustrated notes

Levels and vault maps discovered:
D:        dungeon_sprint_mu [sprint_mu_entry_forest, sprint_mu_temple_rooms,
          sprint_mu_d1_spiders, sprint_mu_d2_genie, sprint_mu_d3_branching,
          sprint_mu_orc_legion, sprint_mu_elf_gauntlet, sprint_mu_hive_nellie,
          sprint_mu_lair_fedhas, sprint_mu_vaults_butterflies,
          sprint_mu_slime_circle, sprint_mu_swamp_cave, sprint_mu_shoals_archi,
          sprint_mu_blade_basic, sprint_mu_crypt_fortress,
          sprint_mu_tomb_spiral, sprint_mu_vestibule_basic,
          sprint_mu_gehenna_hellfire, sprint_mu_dis_giant,
          sprint_mu_tartarus_statrot, sprint_mu_cocytus_islands, sprint_mu_zot1]

Skill      XL: |  1  2 |
---------------+-------+-----
Fighting       | 1 2 |  2.8
Dodging        | 3 4 |  4.9
Spellcasting   | 5 7 |  7.5
Earth Magic    | 4 6 |  6.6
Stealth        | |  2.4
Transmutations | |  1.1

Action                     |  1- 3 |  4- 6 || total
---------------------------+-------+-------++-------
   Cast: Sandblast         |     7 |     6 ||    13
  Dodge: Dodged            |     1 |     4 ||     5

Table legend: (Time is in decaauts)
 A = Elapsed time spent in this place.
 B = Non-inter-level travel time spent in this place.
 C = Inter-level travel time spent in this place.
 D = Time resting spent in this place.
 E = Time spent auto-exploring this place.
 F = Levels seen in this place.
 G = Mean time per level.
                   A        B        C        D        E       F      G
               +--------+--------+--------+--------+--------+-----+--------+
         Total |    323 |    323 |      0 |    204 |      0 |   1 |  323.0 |
       Dungeon |    323 |    323 |      0 |    204 |      0 |   1 |  323.0 |
               +--------+--------+--------+--------+--------+-----+--------+

Top non-repeatable levels by time:
       D: 323 daAuts
